AoeStats
← LE | Asav

Golden Pit

508555972Analyzed
1v1 RM · 9d ago on Sep 23, 2026· 42m 23s· 2 players
Game mode
Random Map
Map size
Tiny (2 player)
Population
200
Speed
Normal
Resources
Standard
Victory
Conquest
Starting age
Dark Age
Ending age
Imperial Age
RankedLock teamsTeams togetherTeam positionsShared explorationLock speedFull tech treeHidden civsTurbo modeCheats
Victory
Defeat
🇵🇪 Mongols · Peru
1886
+13
🇨🇱 Hindustanis · Chile
1823
-13
[CL] sebita
8:55 Feudal Age
8:21 Loom
10:01 Double-Bit Axe
17:24 Castle Age
16:09 Forging
17:51 Bloodlines
17:48 Scale Barding Armor
31:55 Chain Barding Armor
31:46 Husbandry
36:32 Imperial Age
37:09 Heavy Camel Rider
38:29 Plate Barding Armor
37:45 Heavy Camel Rider
42:27 Horse Collar
LE | Asav
10:07 Feudal Age
10:19 Loom
14:55 Castle Age
12:42 Double-Bit Axe
13:06 Horse Collar
16:10 Bow Saw
21:27 Fletching
22:44 Wheelbarrow
21:56 Town Watch
22:42 Stone Mining
24:09 Bodkin Arrow
25:48 Padded Archer Armor
30:47 Leather Archer Armor
36:13 Imperial Age
35:57 Gold Mining
37:07 Bracer
37:33 Bloodlines
37:24 Husbandry
38:05 Thumb Ring
39:24 Conscription
39:29 Murder Holes
39:58 Ballistics
40:09 Scale Barding Armor
40:14 Forging
42:16 Hand Cart
42:42 Stone Shaft Mining
42:45 Gold Shaft Mining
41:39 Light Cavalry
Connection lost

Rejoining the realm…

Still unreachable

The connection could not be restored.

Session expired

The server has moved on; the page needs a fresh start.